 Dungeon Crawl Stone Soup version 0.32-a0-898-g7811c86cf0 (webtiles) character file.

Game seed: 17309921343375486094

536 Descartes the Covered (level 7, 0/61 HPs)
             Began as a Mountain Dwarf Fighter on Apr 4, 2024.
             Incinerated by a bombardier beetle (4 damage)
             ... with a burning spray
             ... on level 4 of the Dungeon.
             The game lasted 00:04:14 (3007 turns).

Descartes the Covered (Mountain Dwarf Fighter)      Turns: 3007, Time: 00:04:15

Health: 0/61       AC: 15    Str: 21    XL:     7   Next: 4%
Magic:  7/7        EV:  5    Int: 14    God:
Gold:   317        SH:  0    Dex:  9    Spells: 6/6 levels left

rFire   . . .        a - +0 war axe
rCold   . . .        c - +0 buckler
rNeg    . . .        n - +0 plate armour
rPois   .            s - +1 helmet
rElec   .            (no cloak)
rCorr   .            (no gloves)
SInv    .            t - +0 pair of boots
Will    .....        (no amulet) Stlth
                     q - +6 ring of intelligence
HPRegen 0.30/turn    (no ring)
MPRegen 0.10/turn

%: no passive effects
@: confused, brilliant, on fire, ambrosia-drunk, glowing
A: runic magic, artefact enchanting
a: no special abilities


You were on level 4 of the Dungeon.
You visited 2 branches of the dungeon, and saw 5 of its levels.

You collected 317 gold pieces.

Inventory:

Hand Weapons
 a - a +0 war axe (weapon)
Armour
 c - a +0 buckler (worn)
 n - a +0 plate armour (worn)
 s - a +1 helmet (worn)
 t - a +0 pair of boots (worn)
Jewellery
 b - an amulet of magic regeneration
 q - a +6 ring of intelligence (left hand)
Scrolls
 e - a scroll of enchant armour {unknown}
 g - 3 scrolls of noise {unknown}
 i - a scroll of immolation {unknown}
 j - 5 scrolls of identify {unknown}
 m - 3 scrolls of revelation {unknown}
 p - 2 scrolls of blinking {unknown}
 r - a scroll of poison {unknown}
Potions
 d - a potion of might
 f - a potion of brilliance
 h - a potion of mutation {unknown}
 k - a potion of curing
 l - a potion of ambrosia
 o - 2 potions of heal wounds {unknown}


   Skills:
 + Level 5.2 Fighting
 + Level 5.0 Axes
 + Level 5.2 Armour
 + Level 5.2 Shields


You had 6 spell levels left.
You didn't know any spells.
Your spell library was empty.

Dungeon Overview and Level Annotations

Branches:
Dungeon (4/15)             Temple (1/1) D:4

Altars:
Cheibriados
Elyvilon
Fedhas
Hepliaklqana
Kikubaaqudgha
Nemelex Xobeh
Okawaru
Ru
Trog
Uskayaw
Wu Jian

Shops:
D:4 ?

Annotations:
D:4 GeoRichter's ghost, weakling CoWr
Temple 4 transporters


Innate Abilities, Weirdness & Mutations

Your spellcasting is much less encumbered by armour.
You can use scrolls of enchantment on lesser artefacts.


Message History

You kill the bombardier beetle!
The liquid fire burns you!
Your Axes skill increases to level 5!
You have reached level 7!
The liquid fire burns you! The liquid fire burns you!
The liquid fire burns you! The liquid fire burns you!
* * * LOW HITPOINT WARNING * * *
The liquid fire burns you!
* * * LOW HITPOINT WARNING * * *
The liquid fire burns you!
* * * LOW HITPOINT WARNING * * *
The liquid fire burns you!
* * * LOW HITPOINT WARNING * * *
The liquid fire burns you!
* * * LOW HITPOINT WARNING * * *
It was a potion of curing.
You feel better. The liquid fire burns you!
* * * LOW HITPOINT WARNING * * *
The liquid fire burns you!
* * * LOW HITPOINT WARNING * * *
You are too injured to fight recklessly!
You feel better. The liquid fire burns you!
* * * LOW HITPOINT WARNING * * *
The liquid fire burns you!
* * * LOW HITPOINT WARNING * * *
You feel better. The liquid fire burns you!
* * * LOW HITPOINT WARNING * * *
It was a potion of brilliance.
You feel clever all of a sudden. The liquid fire burns you!
* * * LOW HITPOINT WARNING * * *
It was a potion of ambrosia.
You are confused.
You feel invigorated. The liquid fire burns you!
You die...

#..### #.........###..ยง..#
#..... #.##......##......#
...#..##.####.##.###...#....#.#
...#..........##.###.#.#......#
...#.................#.#....###
...#.......#####'#####......#
(..#..##.#'###.......###....# og
#..##.....#.......# #....#
####.)##.....#..@....# #....# ###
.............#.......# #....###..
.....).##....#.......# ##.......#
.#.)...#####.#.......#.##.......#
.....#.#####.#.......#<.........#
.....#.........###########.......
.....#######.#. .....#.....#.
###..## #...# .....####.#<. #
##..##### ## # ..........##.


There were no monsters in sight!

Vanquished Creatures
  A black bear (D:4)
  2 bombardier beetles (D:4)
  2 hounds (D:4)
  2 orc priests (D:3)
  Jessica (D:2)
  An iguana (D:4)
  Natasha (twice) (D:3)
  A gnoll (D:3)
  4 adders
  A ribbon worm (D:2)
  A dart slug (D:3)
  10 orcs (D:3)
  4 ball pythons
  4 bats
  9 endoplasms
  5 giant cockroaches
  8 goblins
  6 hobgoblins
  11 jackals
  6 kobolds
  7 quokkas
  4 frilled lizards
  3 rats
95 creatures vanquished.

Notes
Turn   | Place    | Note
-------+----------+-------------------------------------------
     0 | D:1      | Descartes the Mountain Dwarf Fighter began the quest for
                  | the Orb.
     0 | D:1      | Reached XP level 1. HP: 19/19 MP: 1/1
   130 | D:1      | Reached XP level 2. HP: 13/26 MP: 2/2
   698 | D:2      | Reached XP level 3. HP: 33/33 MP: 3/3
   846 | D:2      | Noticed Jessica
   850 | D:2      | Killed Jessica
   851 | D:2      | Reached XP level 4. HP: 39/40 MP: 4/4
  1602 | D:3      | Reached XP level 5. HP: 43/46 MP: 5/5
  1613 | D:3      | Found an iron altar of Okawaru.
  1746 | D:3      | Noticed Natasha
  1751 | D:3      | Killed Natasha
  2154 | D:3      | Noticed Natasha
  2160 | D:3      | Killed Natasha
  2161 | D:3      | Reached XP level 6. HP: 47/53 MP: 6/6
  2514 | D:4      | Found a staircase to the Ecumenical Temple.
  2523 | Temple   | Found a transporter.
  2523 | Temple   | Found a transporter.
  2523 | Temple   | Found a transporter.
  2523 | Temple   | Found a transporter.
  2523 | Temple   | Entered the Ecumenical Temple
  2577 | D:4      | Found Equphij's Magic Scroll Shop.
  2759 | D:4      | Reached skill level 5 in Fighting
  2759 | D:4      | Reached skill level 5 in Armour
  2774 | D:4      | Reached skill level 5 in Shields
  2902 | D:4      | Noticed GeoRichter's ghost (weakling CoWr)
  2929 | D:4      | Found a snail-covered altar of Cheibriados.
  2993 | D:4      | Reached skill level 5 in Axes
  2993 | D:4      | Reached XP level 7. HP: 28/61 MP: 7/7
  3002 | D:4      | HP: 3/61 [burnt (4)]
  3004 | D:4      | HP: 1/61 [burnt (5)]
  3007 | D:4      | Incinerated by a bombardier beetle

Illustrated notes

Levels and vault maps discovered:
D:1:      onia_arrival_pyramid, layout_loops_cross
D:2:      layout_loops_ring, kennysheep_jessica_study
D:3:      layout_basic, mainiacjoe_overflow_boulevard,
          dreamdust_mushroom_princess, skrybe_limestone_x, minmay_quantized,
          uniq_natasha
D:4:      layout_basic, dk_yredelemnul_ordeal, slow_altar_1,
          minmay_temple_entry_purple_smoke, gammafunk_ghost_split, serial_shops,
          shop, hex_tiny, grunt_ministairs_14
Temple:   hellmonk_temple_divided_pantheon

Skill      XL: |  1  2  3  4  5  6 |
---------------+-------------------+-----
Axes           | 3 4 5 |  5.0
Armour         | 4 5 |  5.2
Shields        | 4 5 |  5.2
Fighting       | 4 5 |  5.2

Action                     |  1- 3 |  4- 6 |  7- 9 || total
---------------------------+-------+-------+-------++-------
  Melee: War axe           |    83 |   177 |       ||   260
    Use: Potion            |       |       |     5 ||     5
 Armour: Scale mail        |    79 |    21 |       ||   100
         Plate armour      |       |   147 |       ||   147
  Dodge: Dodged            |    35 |    51 |       ||    86
  Block: Buckler           |    18 |    39 |       ||    57

Table legend: (Time is in decaauts)
 A = Elapsed time spent in this place.
 B = Non-inter-level travel time spent in this place.
 C = Inter-level travel time spent in this place.
 D = Time resting spent in this place.
 E = Time spent auto-exploring this place.
 F = Levels seen in this place.
 G = Mean time per level.
                   A        B        C        D        E       F      G
               +--------+--------+--------+--------+--------+-----+--------+
         Total |   3095 |   3026 |     69 |      0 |   2313 |   5 |  619.0 |
       Dungeon |   3071 |   3002 |     69 |      0 |   2313 |   4 |  767.8 |
        Temple |     23 |     23 |      0 |      0 |      0 |   1 |   23.0 |
               +--------+--------+--------+--------+--------+-----+--------+

Top non-repeatable levels by time:
     D:3: 1086 daAuts
     D:2: 821 daAuts
     D:1: 667 daAuts
     D:4: 497 daAuts
  Temple: 23 daAuts
